[Event "XLI Barbera del Valles Open 2018"]
[Site "Barbera del Valles"]
[Date "2018.07.07"]
[Round "4"]
[White "Oliva Castaneda, Kevel"]
[Black "Neelash Saha"]
[Result "1/2-1/2"]
[ECO "A57"]
[WhiteElo "2491"]
[BlackElo "2319"]
[Annotator "ChessBase"]
[PlyCount "67"]
[EventDate "2018.07.04"]
[EventType "swiss"]
[EventCountry "ESP"]
[SourceTitle "playchess.com"]
[Source "ChessBase"]
[SourceQuality "1"]
[TimeControl "5400+30"]

1. d4 Nf6 2. c4 c5 3. d5 b5 4. Qc2 bxc4 5. e4 g6 6. Bxc4 d6 7. Nf3 Bg7 8. O-O Nbd7 9. Re1 Ng4 10. Bf1 O-O 11. h3 Nge5 12. Nfd2 g5 13. Nc3 Nb6 14. a4 Rb8 15. a5 Na8 16. Nc4 Nxc4 17. Bxc4 h6 18. f4 Rb4 19. b3 gxf4 20. Bxf4 e5 21. Bd2 Rb7 22. Rf1 Nc7 23. Qd3 Bd7 24. Rae1 Ne8 25. a6 Rb8 26. Ne2 Kh7 27. Rf3 Qe7 28. Ng3 Bf6 29. Ref1 Bg5 30. Ba5 Ng7 31. Kh1 Kh8 32. R1f2 h5 33. Bd2 h4 34. Nf1 1/2-1/2

[Event "XLI Barbera del Valles Open 2018"]
[Site "Barbera del Valles"]
[Date "2018.07.07"]
[Round "4"]
[White "Iniyan, P."]
[Black "Ortiz Suarez, Isan Reynaldo"]
[Result "1-0"]
[ECO "E21"]
[WhiteElo "2451"]
[BlackElo "2548"]
[Annotator "ChessBase"]
[PlyCount "91"]
[EventDate "2018.07.04"]
[EventType "swiss"]
[EventCountry "ESP"]
[SourceTitle "playchess.com"]
[Source "ChessBase"]
[SourceQuality "1"]
[TimeControl "5400+30"]

1. d4 Nf6 2. c4 e6 3. Nc3 Bb4 4. Nf3 O-O 5. Bg5 c5 6. e3 h6 7. Bh4 cxd4 8. exd4 d5 9. Bd3 dxc4 10. Bxc4 Be7 11. O-O Nc6 12. a3 Nd5 13. Bg3 b6 14. Nxd5 exd5 15. Bb5 Na5 16. Rc1 Bd6 17. Ne5 a6 18. Bd3 Be6 19. Bb1 Bxe5 20. dxe5 Qd7 21. Qd3 g6 22. Qe3 Kh7 23. Qxb6 Nc4 24. Qd4 Rab8 25. Bd3 Nxb2 26. Bxa6 Rb3 27. Rc3 Rxc3 28. Qxc3 Nc4 29. Qb4 Ra8 30. Bb5 Qa7 31. a4 Rc8 32. Rc1 Qd4 33. h3 h5 34. Qe7 Qd2 35. Rf1 d4 36. Be8 Rxe8 37. Qxe8 d3 38. Qd8 Qe2 39. Bh4 Nd2 40. Ra1 Ne4 41. f3 g5 42. Re1 Qc2 43. Rxe4 gxh4 44. Rxh4 Qc5+ 45. Kh1 Qxe5 46. Qxd3+ 1-0

[Event "XLI Barbera del Valles Open 2018"]
[Site "Barbera del Valles"]
[Date "2018.07.07"]
[Round "4"]
[White "Perez Mitjans, Orelvis"]
[Black "Asis, Tommy"]
[Result "1/2-1/2"]
[ECO "B51"]
[WhiteElo "2399"]
[BlackElo "2538"]
[Annotator "ChessBase"]
[PlyCount "111"]
[EventDate "2018.07.04"]
[EventType "swiss"]
[EventCountry "ESP"]
[SourceTitle "playchess.com"]
[Source "ChessBase"]
[SourceQuality "1"]
[TimeControl "5400+30"]

1. e4 c5 2. Nf3 d6 3. Bb5+ Nd7 4. d4 cxd4 5. Qxd4 a6 6. Bxd7+ Bxd7 7. Nc3 e5 8. Qd3 Rc8 9. O-O h6 10. Rd1 Nf6 11. Nd2 Qc7 12. Nf1 Bg4 13. f3 Be6 14. Ne3 Be7 15. Bd2 O-O 16. a4 Rfd8 17. Ncd5 Nxd5 18. exd5 Bd7 19. a5 Qc5 20. Kh1 Bg5 21. c3 Re8 22. Nf5 Bxd2 23. Rxd2 Bxf5 24. Qxf5 Qb5 25. Qc2 Rc5 26. Qd1 e4 27. fxe4 Rxe4 28. Qf3 Rxd5 29. Rf1 Qxf1+ 30. Qxf1 Rxd2 31. h3 Rxb2 32. Qf5 Re6 33. h4 g6 34. Qf4 h5 35. c4 Rbe2 36. Qf3 R2e4 37. Kg1 Re7 38. Qd3 Rxh4 39. c5 d5 40. c6 bxc6 41. Qxa6 Re1+ 42. Kf2 Ra1 43. Qxc6 Rf4+ 44. Kg3 Rg4+ 45. Kh2 Rxa5 46. Qc8+ Kh7 47. Qc7 Raa4 48. Qxf7+ Kh6 49. Qf8+ Kg5 50. Qd8+ Kf4 51. Qxd5 Re4 52. Qd6+ Re5 53. Qd4+ Kf5 54. Qd7+ Kf6 55. Qd6+ Kf5 56. Qf8+ 1/2-1/2

[Event "XLI Barbera del Valles Open 2018"]
[Site "Barbera del Valles"]
[Date "2018.07.07"]
[Round "4"]
[White "Frayna, Janelle Mae"]
[Black "Karthik Venkataraman"]
[Result "1/2-1/2"]
[ECO "A37"]
[WhiteElo "2315"]
[BlackElo "2514"]
[Annotator "ChessBase"]
[PlyCount "61"]
[EventDate "2018.07.04"]
[EventType "swiss"]
[EventCountry "ESP"]
[SourceTitle "playchess.com"]
[Source "ChessBase"]
[SourceQuality "1"]
[TimeControl "5400+30"]

1. Nf3 c5 2. c4 Nc6 3. g3 g6 4. Bg2 Bg7 5. Nc3 e6 6. d4 cxd4 7. Nb5 d5 8. cxd5 exd5 9. Nbxd4 Nge7 10. O-O O-O 11. Be3 Re8 12. Qd2 Nf5 13. Nxc6 bxc6 14. Bc5 a5 15. e3 Nd6 16. Bd4 Ne4 17. Qc2 Bd7 18. Rac1 Bf8 19. Ne5 c5 20. Nxd7 Qxd7 21. Bc3 Qf5 22. Rcd1 a4 23. Qd3 Rad8 24. Qb5 a3 25. Bxe4 Qxe4 26. bxa3 Ra8 27. Qc6 d4 28. Qxe4 Rxe4 29. exd4 Rxa3 30. Ba1 cxd4 31. Bxd4 1/2-1/2

[Event "XLI Barbera del Valles Open 2018"]
[Site "Barbera del Valles"]
[Date "2018.07.07"]
[Round "4"]
[White "Akshita, Gorti"]
[Black "Manolache, Marius"]
[Result "1/2-1/2"]
[ECO "E71"]
[WhiteElo "2255"]
[BlackElo "2494"]
[Annotator "ChessBase"]
[PlyCount "104"]
[EventDate "2018.07.04"]
[EventType "swiss"]
[EventCountry "ESP"]
[SourceTitle "playchess.com"]
[Source "ChessBase"]
[SourceQuality "1"]
[TimeControl "5400+30"]

1. d4 Nf6 2. c4 d6 3. Nc3 g6 4. e4 Bg7 5. h3 O-O 6. Be3 Na6 7. Bd3 e5 8. d5 Nc5 9. Bc2 a5 10. Qd2 Nfd7 11. g4 Nb6 12. Qe2 f5 13. gxf5 gxf5 14. O-O-O Nxe4 15. Nxe4 fxe4 16. Bxe4 Qh4 17. Qc2 Bd7 18. Nf3 Rxf3 19. Bxf3 Nxc4 20. Rdg1 Nxe3 21. fxe3 Rf8 22. Bg4 Be8 23. Bf5 Kh8 24. Rg4 Qh6 25. Rhg1 Qxe3+ 26. Kb1 Rf7 27. Bxh7 Bd7 28. R4g2 Bxh3 29. Rg3 Qxg3 30. Rxg3 Rf1+ 31. Qc1 Rxc1+ 32. Kxc1 Bd7 33. Be4 c5 34. dxc6 bxc6 35. Rb3 Kg8 36. Rb7 Be8 37. Rb8 Kf7 38. Bg6+ Kxg6 39. Rxe8 Kf5 40. Ra8 e4 41. Rxa5+ Ke6 42. Ra8 d5 43. a4 Bh6+ 44. Kd1 Kd6 45. Rb8 Kc7 46. Rb3 Bf8 47. a5 Bc5 48. a6 Bb6 49. Rh3 Ba7 50. Rb3 Bb6 51. Rh3 Ba7 52. Rb3 Bb6 1/2-1/2

[Event "XLI Barbera del Valles Open 2018"]
[Site "Barbera del Valles"]
[Date "2018.07.07"]
[Round "4"]
[White "Sauravh, Khherdekar"]
[Black "Aguero Jimenez, Luis Lazaro"]
[Result "1/2-1/2"]
[ECO "D00"]
[WhiteElo "2239"]
[BlackElo "2473"]
[Annotator "ChessBase"]
[PlyCount "88"]
[EventDate "2018.07.04"]
[EventType "swiss"]
[EventCountry "ESP"]
[SourceTitle "playchess.com"]
[Source "ChessBase"]
[SourceQuality "1"]
[TimeControl "5400+30"]

1. d4 d5 2. Bf4 Bf5 3. e3 e6 4. c4 Bxb1 5. Qxb1 Bb4+ 6. Kd1 Bd6 7. Bxd6 Qxd6 8. c5 Qe7 9. Nf3 Nd7 10. Bd3 Ngf6 11. b4 e5 12. dxe5 Nxe5 13. Ke2 Nxf3 14. Kxf3 h5 15. h3 Qe5 16. g3 h4 17. g4 O-O 18. Kg2 d4 19. e4 Rfe8 20. Qc2 Qg5 21. Qc1 Nxe4 22. Bxe4 Qxc1 23. Raxc1 Rxe4 24. Rc4 Rd8 25. Rd1 g5 26. Rd2 c6 27. f3 Rf4 28. Kf2 d3 29. Re4 Rxe4 30. fxe4 Rd4 31. a3 Rxe4 32. Rxd3 a5 33. bxa5 Ra4 34. Ke3 Kg7 35. Rb3 Kf6 36. Rxb7 Rxa3+ 37. Kd4 Ra4+ 38. Kc3 Rxa5 39. Kb4 Ra8 40. Rc7 Ra6 41. Rb7 Ra8 42. Rc7 Ra6 43. Rb7 Ra8 44. Rc7 Ke5 1/2-1/2

[Event "XLI Barbera del Valles Open 2018"]
[Site "Barbera del Valles"]
[Date "2018.07.08"]
[Round "5"]
[White "Ortiz Suarez, Isan Reynaldo"]
[Black "Raghunandan, Kaumandur Srihari"]
[Result "1-0"]
[ECO "B96"]
[WhiteElo "2548"]
[BlackElo "2417"]
[Annotator "ChessBase"]
[PlyCount "67"]
[EventDate "2018.07.04"]
[EventType "swiss"]
[EventCountry "ESP"]
[SourceTitle "playchess.com"]
[Source "ChessBase"]
[SourceQuality "1"]
[TimeControl "5400+30"]

1. e4 c5 2. Nf3 d6 3. d4 cxd4 4. Nxd4 Nf6 5. Nc3 a6 6. Bg5 e6 7. f4 h6 8. Bh4 Qb6 9. a3 Be7 10. Bf2 Qc7 11. Qf3 Nbd7 12. O-O-O b5 13. g4 g5 14. h4 gxf4 15. Be2 Ne5 16. Qxf4 Nexg4 17. Bxg4 e5 18. Qxf6 Bxf6 19. Nd5 Qd8 20. Nf5 Bxf5 21. Bxf5 Rb8 22. Rd3 h5 23. Rc3 Bg7 24. Rg1 Kf8 25. Kb1 Rh6 26. Rcg3 Rg6 27. Bxg6 fxg6 28. Rxg6 Rb7 29. Bb6 Qb8 30. Be3 a5 31. Rxg7 Rxg7 32. Bh6 Qa7 33. Rxg7 Qd4 34. Rd7+ 1-0

[Event "XLI Barbera del Valles Open 2018"]
[Site "Barbera del Valles"]
[Date "2018.07.08"]
[Round "5"]
[White "Martinez Alcantara, Jose Eduardo"]
[Black "Iniyan, P."]
[Result "0-1"]
[ECO "E63"]
[WhiteElo "2545"]
[BlackElo "2451"]
[Annotator "ChessBase"]
[PlyCount "87"]
[EventDate "2018.07.04"]
[EventType "swiss"]
[EventCountry "ESP"]
[SourceTitle "playchess.com"]
[Source "ChessBase"]
[SourceQuality "1"]
[TimeControl "5400+30"]

1. Nf3 Nf6 2. c4 g6 3. g3 Bg7 4. d4 O-O 5. Bg2 d6 6. O-O Nc6 7. Nc3 a6 8. Bf4 Rb8 9. Rc1 b5 10. Nd5 Nh5 11. Bg5 h6 12. Be3 Bd7 13. b3 e6 14. cxb5 axb5 15. Nc3 b4 16. Na4 Nf6 17. Bd2 Ne4 18. Be1 f5 19. Nd2 Nxd4 20. e3 Bxa4 21. Nxe4 Bb5 22. exd4 fxe4 23. Bxe4 Bxf1 24. Kxf1 Qg5 25. d5 Bd4 26. Rc2 e5 27. Kg2 Rf7 28. h4 Qf6 29. Qd3 Kg7 30. f3 Bc5 31. Kh3 Rbf8 32. Bd2 g5 33. Bc1 gxh4 34. g4 Qxf3+ 35. Qxf3 Rxf3+ 36. Bxf3 Rxf3+ 37. Kh2 Rd3 38. Rd2 Rxd2+ 39. Bxd2 e4 40. Be1 Kf6 41. Kh3 Kg5 42. Bxh4+ Kf4 43. Bf6 e3 44. Bg7 {[%emt 0:00:03] Ke5} 0-1

[Event "XLI Barbera del Valles Open 2018"]
[Site "Barbera del Valles"]
[Date "2018.07.08"]
[Round "5"]
[White "Asis, Tommy"]
[Black "Mohammad Nubairshah Shaikh"]
[Result "1/2-1/2"]
[ECO "B43"]
[WhiteElo "2538"]
[BlackElo "2441"]
[Annotator "ChessBase"]
[PlyCount "49"]
[EventDate "2018.07.04"]
[EventType "swiss"]
[EventCountry "ESP"]
[SourceTitle "playchess.com"]
[Source "ChessBase"]
[SourceQuality "1"]
[TimeControl "5400+30"]

1. e4 c5 2. Nf3 e6 3. d4 cxd4 4. Nxd4 a6 5. Nc3 Qc7 6. Bd3 Nf6 7. f4 b5 8. e5 b4 9. Ne4 Nxe4 10. Bxe4 Bb7 11. Qf3 Nc6 12. Nxc6 Bxc6 13. Bxc6 Qxc6 14. Qxc6 dxc6 15. Be3 O-O-O 16. Ke2 Be7 17. Bb6 Rd5 18. c4 bxc3 19. bxc3 c5 20. Rhd1 Kd7 21. c4 Rxd1 22. Rxd1+ Kc6 23. Ba5 Rb8 24. Bc3 f5 25. Kf3 1/2-1/2

[Event "XLI Barbera del Valles Open 2018"]
[Site "Barbera del Valles"]
[Date "2018.07.08"]
[Round "5"]
[White "Karthik Venkataraman"]
[Black "Sauravh, Khherdekar"]
[Result "1-0"]
[ECO "C10"]
[WhiteElo "2514"]
[BlackElo "2239"]
[Annotator "ChessBase"]
[PlyCount "75"]
[EventDate "2018.07.04"]
[EventType "swiss"]
[EventCountry "ESP"]
[SourceTitle "playchess.com"]
[Source "ChessBase"]
[SourceQuality "1"]
[TimeControl "5400+30"]

1. e4 e6 2. d4 d5 3. Nc3 Nc6 4. e5 f6 5. Bb5 Bd7 6. Nf3 Qe7 7. O-O Qf7 8. Re1 O-O-O 9. Qe2 Re8 10. a4 Bb4 11. Bd2 Nge7 12. a5 Ng6 13. Bxc6 Bxc6 14. Na2 Bxd2 15. Qxd2 fxe5 16. Nxe5 Nxe5 17. Rxe5 Rhf8 18. Rae1 Qf4 19. R1e3 Rf6 20. Nb4 Rh6 21. g3 Qg4 22. f3 Qh3 23. Qf2 Rf8 24. a6 Bb5 25. axb7+ Kxb7 26. b3 a5 27. Na2 Rff6 28. c4 Bc6 29. Nc3 dxc4 30. bxc4 Kc8 31. d5 exd5 32. cxd5 Bd7 33. Ne4 Rb6 34. Re1 Rh5 35. Rc1 Kb8 36. Qc2 Rb7 37. Nc5 Rb6 38. Rxh5 1-0

[Event "XLI Barbera del Valles Open 2018"]
[Site "Barbera del Valles"]
[Date "2018.07.08"]
[Round "5"]
[White "Alsina Leal, Daniel"]
[Black "Perez Mitjans, Orelvis"]
[Result "0-1"]
[ECO "C05"]
[WhiteElo "2492"]
[BlackElo "2399"]
[Annotator "ChessBase"]
[PlyCount "102"]
[EventDate "2018.07.04"]
[EventType "swiss"]
[EventCountry "ESP"]
[SourceTitle "playchess.com"]
[Source "ChessBase"]
[SourceQuality "1"]
[TimeControl "5400+30"]

1. e4 e6 2. d4 d5 3. Nd2 Nf6 4. e5 Nfd7 5. Bd3 b6 6. Nh3 Ba6 7. Bxa6 Nxa6 8. O-O c5 9. c3 b5 10. Qg4 c4 11. Nf3 Nb6 12. Nf4 g6 13. b3 Qd7 14. bxc4 Nxc4 15. Nd3 Rc8 16. Rb1 Nb6 17. Rb3 Na4 18. Bd2 Rc4 19. h4 h5 20. Qh3 Bh6 21. Bxh6 Rxh6 22. Ng5 Nc7 23. Nb2 Nxb2 24. Rxb2 Kf8 25. Rd2 Ne8 26. Qe3 Rh8 27. f3 Kg7 28. g4 Qe7 29. Rg2 Nc7 30. Kh2 Na8 31. Rfg1 Nb6 32. Qf4 Kf8 33. gxh5 Rxh5 34. Kh3 Ke8 35. Qd2 Na4 36. Rb1 Nxc3 37. Rb3 b4 38. a3 a5 39. axb4 axb4 40. Rg4 Qa7 41. Qb2 Nd1 42. Qd2 Qa1 43. Rg1 Rxd4 44. Qe1 Rdxh4+ 45. Qxh4 Rxh4+ 46. Kxh4 Qa2 47. Rxb4 Qf2+ 48. Rg3 Ne3 49. Rb8+ Kd7 50. Rb7+ Kc6 51. Rxf7 Nf1 0-1

[Event "XLI Barbera del Valles Open 2018"]
[Site "Barbera del Valles"]
[Date "2018.07.08"]
[Round "5"]
[White "Aguero Jimenez, Luis Lazaro"]
[Black "Kumar, Gaurav"]
[Result "1-0"]
[ECO "C85"]
[WhiteElo "2473"]
[BlackElo "2074"]
[Annotator "ChessBase"]
[PlyCount "143"]
[EventDate "2018.07.04"]
[EventType "swiss"]
[EventCountry "ESP"]
[SourceTitle "playchess.com"]
[Source "ChessBase"]
[SourceQuality "1"]
[TimeControl "5400+30"]

1. e4 e5 2. Nf3 Nc6 3. Bb5 a6 4. Ba4 Nf6 5. O-O Be7 6. Bxc6 dxc6 7. Nc3 Nd7 8. d4 exd4 9. Nxd4 O-O 10. Qe2 Re8 11. Bf4 Bd6 12. Bxd6 cxd6 13. Qd2 Ne5 14. b3 Qh4 15. f4 Ng4 16. Nf3 Qh6 17. Rae1 f5 18. h3 Nf6 19. e5 dxe5 20. fxe5 Qxd2 21. Nxd2 Nh5 22. Nc4 f4 23. Nd6 Re7 24. Ne2 g5 25. Nd4 Ng3 26. Rf2 c5 27. Nf3 h6 28. Nd2 Bf5 29. Nf1 Bg6 30. Nxg3 fxg3 31. Rf3 Rd8 32. Ree3 Bxc2 33. Rxg3 b6 34. h4 Rg7 35. Rc3 Bb1 36. hxg5 hxg5 37. Rc1 Bh7 38. Rc4 Kf8 39. a4 a5 40. Rcg4 Bc2 41. Rc4 Bb1 42. Rc1 Bh7 43. Rf1+ Ke7 44. Rf6 Bc2 45. Rc3 Bh7 46. Rh3 Bc2 47. Rhh6 Rdg8 48. Re6+ Kd8 49. Nc4 Rg6 50. Rxb6 Rxh6 51. Rxh6 Bxb3 52. Nxa5 Bxa4 53. Nb7+ Kc7 54. Nxc5 Bc6 55. Ne6+ Kb7 56. Nd4 Be4 57. Rd6 g4 58. g3 Re8 59. e6 Kc7 60. Nb5+ Kb7 61. Rd4 Kb6 62. Nd6 Kc5 63. Nxe8 Kxd4 64. e7 Ke3 65. Nc7 Bc6 66. e8=Q+ Bxe8 67. Nxe8 Kf3 68. Kh2 Kf2 69. Nf6 Kf3 70. Nh5 Kf2 71. Nf4 Kf3 72. Ng6 1-0

[Event "XLI Barbera del Valles Open 2018"]
[Site "Barbera del Valles"]
[Date "2018.07.08"]
[Round "5"]
[White "Saptorshi, Gupta"]
[Black "Oliva Castaneda, Kevel"]
[Result "0-1"]
[ECO "B23"]
[WhiteElo "2091"]
[BlackElo "2491"]
[Annotator "ChessBase"]
[PlyCount "90"]
[EventDate "2018.07.04"]
[EventType "swiss"]
[EventCountry "ESP"]
[SourceTitle "playchess.com"]
[Source "ChessBase"]
[SourceQuality "1"]
[TimeControl "5400+30"]

1. e4 c5 2. Ne2 Nc6 3. Nbc3 e6 4. g3 Nf6 5. Bg2 Be7 6. d4 cxd4 7. Nxd4 O-O 8. O-O d5 9. Be3 Ne5 10. exd5 exd5 11. Bg5 Nc4 12. Rb1 Nb6 13. Nde2 Bf5 14. Nf4 d4 15. Bxf6 Bxf6 16. Ncd5 Rc8 17. Rc1 Nxd5 18. Nxd5 Bg5 19. f4 Bf6 20. Re1 Rc5 21. Nxf6+ Qxf6 22. Be4 Be6 23. Qd3 g6 24. Rcd1 Rd8 25. c3 Bxa2 26. cxd4 Rc4 27. d5 Qxb2 28. d6 Qb6+ 29. Kh1 Rc5 30. Bg2 Be6 31. Qd4 Rb5 32. Qd3 Rb3 33. Qd2 Rb2 34. Qc3 Qf2 35. Qf3 Qxf3 36. Bxf3 Rb6 37. Ra1 a6 38. Red1 h5 39. Kg1 Kf8 40. Rd4 Ke8 41. Rad1 Kd7 42. Rc1 Rc8 43. Rxc8 Kxc8 44. Rd2 Kd7 45. Rc2 Kxd6 0-1

[Event "XLI Barbera del Valles Open 2018"]
[Site "Barbera del Valles"]
[Date "2018.07.08"]
[Round "5"]
[White "Kadam Om, Manish"]
[Black "Torre, Eugenio"]
[Result "1/2-1/2"]
[ECO "C55"]
[WhiteElo "1836"]
[BlackElo "2460"]
[Annotator "ChessBase"]
[PlyCount "59"]
[EventDate "2018.07.04"]
[EventType "swiss"]
[EventCountry "ESP"]
[SourceTitle "playchess.com"]
[Source "ChessBase"]
[SourceQuality "1"]
[TimeControl "5400+30"]

1. e4 e5 2. Nf3 Nc6 3. Bc4 Nf6 4. d3 Be7 5. O-O O-O 6. Re1 d6 7. a4 Na5 8. Ba2 c5 9. c3 Nc6 10. Na3 a6 11. Nc2 Be6 12. Ne3 Bxa2 13. Rxa2 g6 14. Nd5 Nxd5 15. exd5 Nb8 16. d4 cxd4 17. cxd4 Nd7 18. dxe5 Nxe5 19. Nxe5 dxe5 20. Bh6 Re8 21. Rxe5 Qc7 22. Qe2 Qd7 23. Ra1 Bf6 24. Rxe8+ Rxe8 25. Qd2 Rd8 26. Re1 Qxa4 27. d6 Qc6 28. d7 Bg7 29. Bxg7 Kxg7 30. Rd1 1/2-1/2

[Event "XLI Barbera del Valles Open 2018"]
[Site "Barbera del Valles"]
[Date "2018.07.09"]
[Round "6"]
[White "Oliva Castaneda, Kevel"]
[Black "Aguero Jimenez, Luis Lazaro"]
[Result "1/2-1/2"]
[ECO "A06"]
[WhiteElo "2491"]
[BlackElo "2473"]
[Annotator "ChessBase"]
[PlyCount "21"]
[EventDate "2018.07.04"]
[EventType "swiss"]
[EventCountry "ESP"]
[SourceTitle "playchess.com"]
[Source "ChessBase"]
[SourceQuality "1"]
[TimeControl "5400+30"]

1. Nf3 d5 2. g3 Bg4 3. Bg2 Nd7 4. O-O e5 5. d3 Ngf6 6. Nbd2 Bc5 7. h3 Bh5 8. e4 dxe4 9. dxe4 O-O 10. Qe1 Re8 11. Nb3 1/2-1/2

[Event "XLI Barbera del Valles Open 2018"]
[Site "Barbera del Valles"]
[Date "2018.07.09"]
[Round "6"]
[White "Cori, Kevin J."]
[Black "Martinez Alcantara, Jose Eduardo"]
[Result "1/2-1/2"]
[ECO "C01"]
[WhiteElo "2487"]
[BlackElo "2545"]
[Annotator "ChessBase"]
[PlyCount "36"]
[EventDate "2018.07.04"]
[EventType "swiss"]
[EventCountry "ESP"]
[SourceTitle "playchess.com"]
[Source "ChessBase"]
[SourceQuality "1"]
[TimeControl "5400+30"]

1. e4 e6 2. d4 d5 3. exd5 exd5 4. Nf3 Bd6 5. Bg5 Nf6 6. Bd3 O-O 7. O-O Bg4 8. h3 Bh5 9. Nbd2 Nbd7 10. Re1 Re8 11. c3 Rxe1+ 12. Qxe1 Bxf3 13. Nxf3 h6 14. Bxf6 Qxf6 15. Qe2 Qe7 16. Qxe7 Bxe7 17. Re1 Kf8 18. Kf1 g6 1/2-1/2

[Event "XLI Barbera del Valles Open 2018"]
[Site "Barbera del Valles"]
[Date "2018.07.09"]
[Round "6"]
[White "Torre, Eugenio"]
[Black "Asis, Tommy"]
[Result "0-1"]
[ECO "A45"]
[WhiteElo "2460"]
[BlackElo "2538"]
[Annotator "ChessBase"]
[PlyCount "61"]
[EventDate "2018.07.04"]
[EventType "swiss"]
[EventCountry "ESP"]
[SourceTitle "playchess.com"]
[Source "ChessBase"]
[SourceQuality "1"]
[TimeControl "5400+30"]

1. d4 Nf6 2. Bg5 e6 3. Nd2 c5 4. e3 cxd4 5. exd4 Be7 6. Ngf3 d6 7. Bd3 Nbd7 8. a4 O-O 9. O-O b6 10. a5 bxa5 11. Nc4 Rb8 12. Nxa5 Qc7 13. b3 h6 14. Bd2 e5 15. Re1 Re8 16. c4 Bf8 17. Qc2 Bb7 18. d5 e4 19. Bxe4 Nxe4 20. Rxe4 Bxd5 21. Rxe8 Rxe8 22. Nd4 Be4 23. Qa2 d5 24. Qa4 Bc5 25. Be3 Bxd4 26. Bxd4 Re6 27. g3 Ne5 28. Bxe5 Qxe5 29. b4 Bf3 30. Rf1 Qf5 31. Ra1 0-1

[Event "XLI Barbera del Valles Open 2018"]
[Site "Barbera del Valles"]
[Date "2018.07.09"]
[Round "6"]
[White "Mohammad Nubairshah Shaikh"]
[Black "Karthik Venkataraman"]
[Result "1/2-1/2"]
[ECO "D90"]
[WhiteElo "2441"]
[BlackElo "2514"]
[Annotator "ChessBase"]
[PlyCount "35"]
[EventDate "2018.07.04"]
[EventType "swiss"]
[EventCountry "ESP"]
[SourceTitle "playchess.com"]
[Source "ChessBase"]
[SourceQuality "1"]
[TimeControl "5400+30"]

1. d4 Nf6 2. c4 g6 3. Nc3 d5 4. Nf3 Bg7 5. h4 c6 6. cxd5 cxd5 7. Bf4 Nc6 8. e3 O-O 9. Qb3 Na5 10. Qb4 Bf5 11. Be2 Ne4 12. Nxe4 dxe4 13. Ne5 Rc8 14. O-O Rc2 15. Bd1 Rc8 16. Be2 Rc2 17. Bd1 Rc8 18. Be2 1/2-1/2

[Event "XLI Barbera del Valles Open 2018"]
[Site "Barbera del Valles"]
[Date "2018.07.10"]
[Round "7"]
[White "Ortiz Suarez, Isan Reynaldo"]
[Black "Guseinov, Gadir"]
[Result "1/2-1/2"]
[ECO "B27"]
[WhiteElo "2548"]
[BlackElo "2654"]
[Annotator "ChessBase"]
[PlyCount "44"]
[EventDate "2018.07.04"]
[EventType "swiss"]
[EventCountry "ESP"]
[SourceTitle "playchess.com"]
[Source "ChessBase"]
[SourceQuality "1"]
[TimeControl "5400+30"]

1. e4 c5 2. Nf3 g6 3. d4 cxd4 4. Qxd4 Nf6 5. e5 Nc6 6. Qa4 Nd5 7. Qe4 Nb6 8. Nc3 Bg7 9. Bf4 d5 10. exd6 Bf5 11. dxe7 Qd7 12. Qe3 Nb4 13. Rc1 Nxc2+ 14. Rxc2 Bxc2 15. Bb5 Bxc3+ 16. Qxc3 Qxb5 17. Qxh8+ Kxe7 18. Qd4 Nd5 19. Qe5+ Kd7 20. Qd6+ Ke8 21. Nd4 Qc4 22. Qe5+ Kd7 1/2-1/2

[Event "XLI Barbera del Valles Open 2018"]
[Site "Barbera del Valles"]
[Date "2018.07.10"]
[Round "7"]
[White "Munoz, Miguel"]
[Black "Jimenez, Adrian"]
[Result "1-0"]
[ECO "B20"]
[WhiteElo "2500"]
[BlackElo "2211"]
[Annotator "RC"]
[PlyCount "83"]
[EventDate "2018.07.04"]
[EventType "swiss"]
[EventCountry "ESP"]
[SourceTitle "playchess.com"]
[Source "ChessBase"]
[SourceQuality "1"]
[TimeControl "5400+30"]

1. e4 c5 2. Ne2 d6 3. g3 Nc6 4. Bg2 g6 5. c3 Bg7 6. d4 cxd4 7. cxd4 e5 8. Be3 Nf6 9. h3 O-O 10. Nbc3 Nd7 11. O-O b6 12. Qa4 Bb7 13. Rad1 Na5 14. b3 Rc8 15. Qa3 Re8 16. dxe5 dxe5 17. Nd5 Bf8 18. b4 Bc6 19. Qd3 Nb7 20. Qa6 Nd6 21. Nec3 Bb7 22. Qa4 Bc6 23. Qxa7 Nc4 24. b5 Ra8 25. Qc7 Bxd5 26. Nxd5 Nxe3 27. fxe3 Kg7 28. h4 Rc8 29. Qxd8 Rcxd8 30. Nc7 Nf6 31. Nxe8+ Rxe8 32. Rc1 Bc5 33. Rxc5 bxc5 34. a4 Ra8 35. Ra1 Ra5 36. Bh3 Nxe4 37. b6 Ra6 38. a5 Nd6 39. Bc8 Ra8 40. Bd7 Rd8 41. a6 c4 42. a7 1-0

[Event "XLI Barbera del Valles Open 2018"]
[Site "Barbera del Valles"]
[Date "2018.07.11"]
[Round "8"]
[White "Stella, Andrea"]
[Black "Oliva Castaneda, Kevel"]
[Result "1-0"]
[ECO "A48"]
[WhiteElo "2504"]
[BlackElo "2491"]
[Annotator "RC"]
[PlyCount "137"]
[EventDate "2018.07.04"]
[EventType "swiss"]
[EventCountry "ESP"]
[SourceTitle "playchess.com"]
[Source "ChessBase"]
[SourceQuality "1"]
[TimeControl "5400+30"]

1. d4 Nf6 2. Nf3 g6 3. c4 Bg7 4. g3 b6 5. Bg2 Bb7 6. O-O O-O 7. Re1 e6 8. Nc3 Ne4 9. Nxe4 Bxe4 10. Bg5 f6 11. Be3 Nc6 12. d5 Ne7 13. Nh4 Bxg2 14. Nxg2 c5 15. dxc6 Nxc6 16. Qd2 Rf7 17. Bh6 Bxh6 18. Qxh6 Qf8 19. Qxf8+ Kxf8 20. Red1 Rd8 21. Ne3 d6 22. Rac1 Rfd7 23. f3 Ke7 24. Kf2 Rc8 25. Rc3 Ne5 26. f4 Nf7 27. g4 f5 28. g5 h6 29. h4 h5 30. Rcd3 Nd8 31. Ra3 Nc6 32. Ra4 Na5 33. Rd3 Nc6 34. b4 Rdc7 35. Kg3 Rb7 36. Rda3 a5 37. bxa5 bxa5 38. Rd3 Rb2 39. Kf2 Rcb8 40. Rd1 Rb1 41. Ke1 Kd7 42. Ra3 Kc7 43. Rad3 Rxd1+ 44. Nxd1 Rb4 45. Rc3 Kb6 46. a3 Rb1 47. Kd2 Kc7 48. Kc2 Rb8 49. Rd3 Nd8 50. Nc3 Nb7 51. Nb5+ Kc6 52. Nd4+ Kd7 53. Rb3 e5 54. fxe5 dxe5 55. Nf3 Kc7 56. Nxe5 Re8 57. Rb5 Re6 58. Kd1 a4 59. Nd3 Nd6 60. Re5 Rxe5 61. Nxe5 Kb6 62. Nxg6 Kc5 63. Nf4 Nxc4 64. g6 Ne3+ 65. Kc1 Ng4 66. Nxh5 Kd4 67. g7 Nh6 68. Nf6 Ke3 69. Kd1 1-0

[Event "XLI Barbera del Valles Open 2018"]
[Site "Barbera del Valles"]
[Date "2018.07.11"]
[Round "8"]
[White "Iniyan, P."]
[Black "Asis, Tommy"]
[Result "1/2-1/2"]
[ECO "A65"]
[WhiteElo "2451"]
[BlackElo "2538"]
[Annotator "ChessBase"]
[PlyCount "63"]
[EventDate "2018.07.04"]
[EventType "swiss"]
[EventCountry "ESP"]
[SourceTitle "playchess.com"]
[Source "ChessBase"]
[SourceQuality "1"]
[TimeControl "5400+30"]

1. d4 Nf6 2. c4 c5 3. d5 e6 4. Nc3 exd5 5. cxd5 d6 6. e4 g6 7. Bd3 Bg7 8. Nge2 O-O 9. O-O Ng4 10. Bc2 Na6 11. h3 Ne5 12. f4 Nc4 13. b3 Na5 14. Bb2 Bd7 15. Qc1 c4 16. Ba3 cxb3 17. axb3 Qb6+ 18. Kh1 Rfc8 19. Rf3 Bb5 20. Rb1 Bxe2 21. Nxe2 Nb4 22. Bxb4 Qxb4 23. f5 Rc7 24. f6 Bf8 25. Qd1 Rac8 26. Nd4 Bh6 27. Ra1 a6 28. Ra4 Qd2 29. Rd3 Qf2 30. Rf3 Qd2 31. Rd3 Qf2 32. Rf3 1/2-1/2